 Dungeon Crawl Stone Soup version 0.28-a0-1235-g7c8fac35f0 (webtiles) character file.

Game seed: 13678200730507600324

564 r3xj the Skirmisher (level 7, 0/62 HPs)
             Began as a Minotaur Fighter on Dec 24, 2021.
             Slain by a bullfrog (4 damage)
             ... in a sewer.
             The game lasted 00:06:05 (3471 turns).

r3xj the Skirmisher (Minotaur Fighter)              Turns: 3471, Time: 00:06:05

Health: 0/62       AC: 12    Str: 23    XL:     7   Next: 10%
Magic:  6/6        EV:  3    Int:  5    God:
Gold:   141        SH:  4    Dex:  9    Spells: 6/6 levels left

rFire   . . .      SeeInvis .   a - +0 flail
rCold   . . .      Faith    .   c - +0 buckler
rNeg    . . .      Spirit   .   l - +0 plate armour
rPois   .          Reflect  .   (helmet restricted)
rElec   .          Harm     .   (no cloak)
rCorr   .          Rampage  .   (no gloves)
Will    .....                   (no boots)
Stlth   ..........              e - amulet of magic regeneration
HPRegen 0.20/turn               (no ring)
MPRegen 0.50/turn               (no ring)

@: mighty, constricted, studying Slings
A: horns 2, retaliatory headbutt
a: no special abilities


You were in a sewer.
You visited 1 branch of the dungeon, and saw 4 of its levels.
You also visited: Sewer.

You collected 141 gold pieces.

Inventory:

Hand Weapons
 a - a +0 flail (weapon)
Armour
 b - a +0 scale mail
 c - a +0 buckler (worn)
 l - a +0 plate armour (worn)
Jewellery
 e - an amulet of magic regeneration (around neck)
 j - an amulet of faith
Wands
 o - a wand of flame (7)
 r - a wand of iceblast (4)
Scrolls
 g - 3 scrolls of noise {unknown}
 k - a scroll of enchant armour {unknown}
 n - 5 scrolls of identify {unknown}
 p - 2 scrolls of summoning {unknown}
 s - a scroll of blinking {unknown}
 t - a scroll of enchant weapon {unknown}
 v - a scroll of teleportation {unknown}
 x - a scroll of magic mapping {unknown}
Potions
 d - a potion of might
 f - a potion of degeneration {unknown}
 h - a potion of haste {unknown}
 i - a potion of attraction {unknown}
 m - a potion of curing {unknown}
 q - 2 potions of heal wounds {unknown}
 u - a potion of cancellation {unknown}
 w - a potion of mutation {unknown}
 z - a potion of magic {unknown}


   Skills:
 + Level 5.8 Fighting
 * Level 5.7 Maces & Flails
 + Level 5.7 Armour
 - Level 5.1 Shields


You had 6 spell levels left.
You didn't know any spells.
Your spell library contained the following spells:

 Spells                   Type           Power      Damage    Failure   Level
 Slow                     Hex            0%         N/A       100%        1
 Sting                    Tmut/Pois      0%         1d3       100%        1
 Ensorcelled Hibernation  Hex/Ice        0%         N/A       100%        2
 Poisonous Vapours        Pois/Air       0%         N/A       100%        2
 Confusing Touch          Hex            0%         N/A       100%        3
 Spider Form              Tmut/Pois      0%         N/A       100%        3
 Olgreb's Toxic Radiance  Pois           0%         N/A       100%        4
 Yara's Violent Unravell  Hex/Tmut       0%         3d3       100%        5


Dungeon Overview and Level Annotations

Branches:
Dungeon (4/15)              Sewer (1/1)
 Temple: D:4-7

Altars:
Cheibriados
Trog
Wu Jian

Shops:
D:1 !*

Annotations:
D:2 1 runed translucent door, Crazy Yiuf


Innate Abilities, Weirdness & Mutations

You have a pair of horns on your head.
You reflexively headbutt those who attack you in melee.


Message History

You barely miss the ball python. You headbutt the ball python.
You kill the ball python!
The bullfrog hits you but does no damage.
The bullfrog hits you. You block the ball python's attack. x2
The ball python constricts you.
The ball python bites you but does no damage. x2
The bullfrog hits you.
The bullfrog hits you but does no damage.
You thump the ball python!
You kill the ball python!
The ball python bites you but does no damage. x3
The ball python constricts you.
The bullfrog hits you but does no damage.
You block the bullfrog's attack. The ball python bites you.
* * * LOW HITPOINT WARNING * * *
The ball python bites you but does no damage. x2
The ball python constricts you.
You barely miss the ball python.
The bullfrog hits you but does no damage.
The bullfrog hits you.
* * * LOW HITPOINT WARNING * * *
You block the ball python's attack.
The ball python bites you but does no damage.
The bullfrog hits you but does no damage.
The bullfrog barely misses you.
The ball python bites you but does no damage.
The ball python constricts you.
You sock the ball python!
You kill the ball python!
The bullfrog barely misses you.
The bullfrog hits you but does no damage.
You block the ball python's attack. x2; The ball python constricts you.
The bullfrog hits you!
* * * LOW HITPOINT WARNING * * *
The bullfrog hits you but does no damage.
You barely miss the bullfrog. You headbutt the bullfrog!
The bullfrog is moderately wounded.
You block the ball python's attack. x2; The ball python constricts you.
The bullfrog hits you.
You die...

≈≈≈≈≈#
#####≈≈≈≈≈≈#
≈≈≈≈≈#
#≈≈≈≈≈≈#
≈≈≈≈≈#
#≈≈≈≈≈≈#
≈≈≈≈≈#
#≈≈≈≈≈≈#
≈≈≈≈≈#
#≈≈≈≈≈≈#
≈≈≈≈≈#
#≈≈≈≈≈≈#
≈.)≈≈#
#≈≈≈≈≈≈#
≈≈≈≈≈#
#≈≈≈S.≈#
≈≈≈≈≈#
#≈≈≈†@≈#
≈≈≈≈≈#
#≈≈≈FSF#
≈≈≈≈≈#
#≈≈≈J≈≈#
≈≈≈≈≈#
#≈≈≈≈≈≈#
≈≈≈≈≈#
#≈≈≈≈≈≈#
≈≈≈≈≈#
#≈≈≈≈≈≈#
≈≈≈≈≈#
#≈≈≈≈≈≈#
≈≈≈≈.#
##≈≈≈≈##
.....#
......


You could see 2 bullfrogs, an endoplasm and 2 ball pythons.

Vanquished Creatures
  A sky beast (D:4)
  A scorpion (D:4)
  2 jellies (D:4)
  A hound (D:4)
  An iguana (D:4)
  Robin (D:4)
  3 gnolls (D:2)
  8 adders
  9 river rats
  9 endoplasms
  14 goblins
  9 hobgoblins
  5 jackals (D:3)
  6 kobolds
  4 quokkas
  18 ball pythons
  2 bats
  4 frilled lizards
  14 rats
112 creatures vanquished.

Vanquished Creatures (others)
  4 plants (D:2)
4 creatures vanquished.

Grand Total: 116 creatures vanquished

Notes
Turn   | Place    | Note
-------+----------+-------------------------------------------
     0 | D:1      | r3xj the Minotaur Fighter began the quest for the Orb.
     0 | D:1      | Reached XP level 1. HP: 19/19 MP: 0/0
    39 | D:1      | Found Jikoum's Assorted Antiques.
   182 | D:1      | Reached XP level 2. HP: 27/27 MP: 1/1
   303 | D:1      | Found Yceleuggoe's Distillery.
   419 | D:1      | You fall into a shaft and drop 1 floor!
   533 | D:2      | Reached XP level 3. HP: 31/33 MP: 2/2
  1139 | D:2      | Found a faded altar of an unknown god.
  1173 | D:2      | Found a runed translucent door.
  1174 | D:2      | Noticed Crazy Yiuf
  1204 | D:2      | Reached XP level 4. HP: 12/41 MP: 3/3
  1902 | D:3      | Found a snail-covered altar of Cheibriados.
  1986 | D:3      | Found an ornate altar of the Wu Jian Council.
  2187 | D:3      | Found a bloodstained altar of Trog.
  2543 | D:4      | Noticed Robin
  2547 | D:4      | Reached XP level 5. HP: 32/47 MP: 4/4
  2548 | D:4      | Noticed a sky beast
  2551 | D:4      | Killed Robin
  2579 | D:4      | Killed a sky beast
  2580 | D:4      | Reached skill level 5 in Fighting
  2580 | D:4      | Reached skill level 5 in Armour
  2580 | D:4      | Reached skill level 5 in Shields
  2580 | D:4      | Reached XP level 6. HP: 33/56 MP: 5/5
  2631 | D:4      | Reached skill level 5 in Maces & Flails
  2641 | D:4      | Found a glowing drain.
  2660 | Sewer    | Entered a sewer
  3260 | Sewer    | Reached XP level 7. HP: 48/62 MP: 6/6
  3470 | Sewer    | HP: 3/62 [bullfrog (7)]
  3471 | Sewer    | Slain by a bullfrog

Illustrated notes

Levels and vault maps discovered:
D:1:      scummos_arrival_star, layout_basic, serial_shops,
          nicolae_shop_hallway_plus,
          nicolae_shop_temple_entry_statues_fountains, minmay_pentomino_z4
D:2:      layout_rooms, serial_bayou, serial_bayou_shore_b, serial_bayou_pond_c,
          serial_bayou_pond_d, serial_bayou_shore_a, serial_bayou_pond_b,
          shapermc_ecumenical_altar_venn, uniq_crazy_yiuf_cottage
D:3:      layout_basic, mainiacjoe_overflow_24_doors, general_overflow_altar,
          lemuel_coloured_pillars_altar
D:4:      layout_basic, grunt_gozag_statues, portal_sewer_entry_c,
          minmay_misc_feat_square, minmay_manual_mess, uniq_robin
Sewer:    sewer_minmay_w

Skill      XL: |  1  2  3  4  5  6 |
---------------+-------------------+-----
Fighting       | 4 5 |  5.8
Armour         | 4 5 |  5.7
Shields        | 4 5 |  5.1
Maces & Flails | 3 4 5 |  5.7

Action                   |  1- 3 |  4- 6 |  7- 9 || total
-------------------------+-------+-------+-------++-------
Melee: Flail             |    95 |   163 |    32 ||   290
       Headbutt          |     7 |    33 |     5 ||    45
  Use: Potion            |       |       |     1 ||     1
Armor: Scale mail        |    40 |       |       ||    40
       Plate armour      |       |    94 |    92 ||   186
Dodge: Dodged            |    37 |    71 |    20 ||   128
Block: Buckler           |    21 |    40 |    25 ||    86

Table legend: (Time is in decaauts)
 A = Elapsed time spent in this place.
 B = Non-inter-level travel time spent in this place.
 C = Inter-level travel time spent in this place.
 D = Time resting spent in this place.
 E = Time spent auto-exploring this place.
 F = Levels seen in this place.
 G = Mean time per level.
                   A        B        C        D        E       F      G
               +--------+--------+--------+--------+--------+-----+--------+
         Total |   3596 |   3521 |     75 |      0 |   2764 |   5 |  719.2 |
       Dungeon |   2733 |   2658 |     75 |      0 |   2052 |   4 |  683.2 |
         Sewer |    863 |    863 |      0 |      0 |    712 |   1 |  863.0 |
               +--------+--------+--------+--------+--------+-----+--------+

Top non-repeatable levels by time:
     D:2: 1353 daAuts
   Sewer: 863 daAuts
     D:3: 647 daAuts
     D:1: 428 daAuts
     D:4: 304 daAuts
